 Dungeon Crawl Stone Soup version 0.26.1-2-gb8aa6d0cf2 (webtiles) character file.

Game seed: 269824617478933317

65 ubername the Grave Robber (level 3, -5/24 HPs)
             Began as a Demonspawn Necromancer on Mar 17, 2021.
             Slain by Grinder (6 damage)
             ... while paralysed by Grinder
             ... on level 3 of the Dungeon.
             The game lasted 00:05:09 (2578 turns).

ubername the Grave Robber (Demonspawn Necromancer)  Turns: 2578, Time: 00:05:09

Health: -5/24      AC:  3    Str:  8    XL:     3   Next: 92%
Magic:  6/6        EV:  2    Int: 19    God:
Gold:   72         SH:  0    Dex: 13    Spells: 6/7 levels left

rFire    . . .     SeeInvis .   a - +0 club
rCold    + . .     Faith    .   g - +0 buckler
rNeg     . . .     Spirit   .   c - +0 robe
rPois    .         Reflect  .   (no helmet)
rElec    .         Harm     .   (no cloak)
rCorr    .         Rampage  .   k - +0 pair of gloves
Will     .....                  (no boots)
Stlth    ++........             (no amulet)
HPRegen  0.08/turn              (no ring)
MPRegen  0.10/turn              (no ring)

@: paralysed
A: cold resistance 1, big brain 1
a: no special abilities


You were on level 3 of the Dungeon.
You visited 1 branch of the dungeon, and saw 3 of its levels.

You collected 72 gold pieces.

Inventory:

Hand Weapons
 a - a +0 club (weapon)
 b - a +0 hunting sling
Missiles
 n - 4 stones (quivered)
 q - 15 sling bullets
Armour
 c - a +0 robe (worn)
 g - a +0 buckler (worn)
 k - a +0 pair of gloves (worn)
 v - a +0 leather armour
Scrolls
 e - 3 scrolls of remove curse {unknown}
 f - 2 scrolls of identify {unknown}
 l - a scroll of noise {unknown}
 s - a scroll of immolation {unknown}
 t - a scroll of enchant armour {unknown}
Potions
 d - a potion of heal wounds {unknown}
 h - a potion of ambrosia {unknown}
 i - 2 potions of lignification {unknown}
 j - a potion of might {unknown}
 m - 4 potions of haste {unknown}
 o - a potion of magic {unknown}
 p - a potion of resistance {unknown}
 r - 3 potions of curing {unknown}
 u - a potion of berserk rage {unknown}


   Skills:
 + Level 0.1 Slings
 + Level 2.4 Dodging
 + Level 1.7 Stealth
 + Level 2.5 Spellcasting
 + Level 5.3 Necromancy


You had 6 spell levels left.
You knew the following spells:

 Your Spells              Type           Power        Failure   Level
a - Pain                  Necr           88%          3%          1

Your spell library contained the following spells:

 Spells                   Type           Power        Failure   Level
 Animate Skeleton         Necr           44%          3%          1
 Vampiric Draining        Necr           11%          9%          3
 Animate Dead             Necr           11%          30%         4
 Agony                    Necr           22%          63%         5


Dungeon Overview and Level Annotations

Branches:
Dungeon (3/15)

Altars:
Hepliaklqana
Okawaru
Ru

Annotations:
D:3 Grinder


Innate Abilities, Weirdness & Mutations

Your flesh is cold resistant. (rC+)
You have an unusually large brain. (Int +2)


Message History

Grinder hits you but does no damage.
You barely miss Grinder.
Grinder is moderately wounded.
You block Grinder's attack.
You barely miss Grinder.
Grinder is lightly wounded.
Grinder gestures at you.
You suddenly lose the ability to move!
Grinder hits you but does no damage. Grinder hits you.
* * * LOW HITPOINT WARNING * * *
Grinder gestures at you. You resist with significant effort.
Grinder gestures at you. You resist with significant effort. Grinder hits you.
* * * LOW HITPOINT WARNING * * *
You writhe in agony.
* * * LOW HITPOINT WARNING * * *
Grinder hits you.
You die...

.............#..#.###.###
............##.##.#...#
.....#.....#...##...#
.###########.####..## .#
#...# #..# .# ....# #..#
# .# .....###..####... .#
...............## ..
...†..5@......$..
..(....##.####### ......#
#.# ((.... #.# (.).. ...
..... ... .... ...# ....
#####


You could see Grinder.

Vanquished Creatures
  An adder (D:2)
  An ooze (D:2)
  3 dart slugs
  8 bats
  3 goblins
  7 hobgoblins
  4 jackals (D:1)
  3 frilled lizards
  6 kobolds
  6 rats
42 creatures vanquished.

Notes
Turn   | Place    | Note
-------+----------+-------------------------------------------
     0 | D:1      | ubername the Demonspawn Necromancer began the quest for the
                  | Orb.
     0 | D:1      | Reached XP level 1. HP: 13/13 MP: 3/3
   396 | D:1      | Gained mutation: Your flesh is cold resistant. (rC+)
                  | [demonic ancestry]
   396 | D:1      | Reached XP level 2. HP: 17/19 MP: 1/5
  1261 | D:1      | Reached skill level 5 in Necromancy
  1392 | D:1      | Gained mutation: You have an unusually large brain. (Int
                  | +2) [demonic ancestry]
  1392 | D:1      | Reached XP level 3. HP: 20/24 MP: 2/6
  1757 | D:1      | Found a hazy altar of Hepliaklqana.
  1931 | D:2      | Found a sacrificial altar of Ru.
  2223 | D:2      | Found an iron altar of Okawaru.
  2563 | D:3      | Noticed Grinder
  2573 | D:3      | Paralysed by Grinder for 6 turns
  2577 | D:3      | HP: 1/24 [Grinder (2)]
  2578 | D:3      | Slain by Grinder

Illustrated notes

Levels and vault maps discovered:
D:1:      dpeg_arrival_water_altar, layout_basic
D:2:      kennysheep_big_flooded_room, layout_rooms,
          nicolae_overflow_crystal_walls, nicolae_ru_sacrificial_ziggurat
D:3:      layout_rooms, chequers_ecumenical_altar_grove, glass_columns_a,
          trog_three_pillars_becter, uniq_grinder

Skill      XL: |  1  2 |
---------------+-------+-----
Dodging        | 2 |  2.4
Necromancy     | 5 |  5.3
Slings         | |  0.1
Stealth        | |  1.7
Spellcasting   | |  2.5

Action                   || total
-------------------------++-------
Melee: Club              ||    28
 Fire: Hunting sling     ||    21
Throw: Stone             ||     3
 Cast: Pain              ||    58
Armor: Robe              ||    18
Dodge: Dodged            ||    32
Block: Buckler           ||     5
